AoeStats
← Atmaca3307

Arabia

509704353Analyzed
1v1 RM · 4d ago on Sep 27, 2026· 69m 59s· 2 players
Game mode
Random Map
Map size
Tiny (2 player)
Population
200
Speed
Normal
Resources
Standard
Victory
Conquest
Starting age
Dark Age
Ending age
Imperial Age
RankedLock teamsTeams togetherTeam positionsShared explorationLock speedFull tech treeHidden civsTurbo modeCheats
Victory
Defeat
🇹🇷 Turks · Türkiye
244
+21
🇫🇷 Khmer · France
350
-21
Atmaca3307
11:15 Feudal Age
12:41 Wheelbarrow
12:09 Double-Bit Axe
14:55 Horse Collar
18:13 Gold Mining
18:14 Stone Mining
19:14 Scale Mail Armor
19:21 Scale Barding Armor
19:27 Forging
19:08 Fletching
19:19 Padded Archer Armor
25:05 Castle Age
25:51 Heavy Plow
26:06 Bow Saw
26:20 Chain Barding Armor
26:15 Chain Mail Armor
26:36 Iron Casting
25:57 Bodkin Arrow
26:09 Husbandry
27:58 Leather Archer Armor
28:03 Hand Cart
30:00 Bloodlines
30:50 Gold Shaft Mining
33:09 Guard Tower
33:30 Fortified Wall
33:16 Murder Holes
33:43 Ballistics
34:56 Heated Shot
34:46 Treadmill Crane
38:53 Imperial Age
40:28 Plate Barding Armor
40:24 Plate Mail Armor
40:56 Blast Furnace
39:57 Bracer
40:28 Ring Archer Armor
39:23 Cavalier
41:31 Two-Man Saw
40:21 Arrowslits
41:42 Keep
42:39 Bombard Tower
DartBoGame
1:19 Loom
13:21 Feudal Age
23:18 Castle Age
23:33 Horse Collar
30:38 Tusk Swords
32:03 Heavy Plow
37:08 Imperial Age
38:15 Double Crossbow
43:29 Crop Rotation
44:47 Elite Ballista Elephant
50:00 Pikeman
Connection lost

Rejoining the realm…

Still unreachable

The connection could not be restored.

Session expired

The server has moved on; the page needs a fresh start.